MID
QUAD CITIES RIVER BANDITS @ CLINTON LUMBERKINGS
08/30/2098
 
TOP OF THE 1ST
Quad Cities River Bandits batting - Pitching for Clinton LumberKings : RHP Salvador Moya
Pitching: RHP Salvador Moya
Batting: RHB Danny Malave 0-0: Foul Ball, location: 5F
0-1: Ball
1-1: Fly out, F4 (Popup, 3S, EV 80.0 MPH)
Batting: RHB Alex Romero 0-0: Called Strike
0-1: Called Strike
0-2: Ball
1-2: Fly out, F8 (Line Drive, 89M, EV 106.3 MPH)
Batting: RHB Matt Widman 0-0: Ball
1-0: Swinging Strike
1-1: Fly out, F8 (Flyball, 8LXD, EV 88.1 MPH)
Top of the 1st over - 0 runs, 0 hits, 0 errors, 0 left on base; Quad Cities 0 - Clinton 0
BOTTOM OF THE 1ST
Clinton LumberKings batting - Pitching for Quad Cities River Bandits : RHP Avery Norris
Pitching: RHP Avery Norris
Batting: LHB Carlos Rivera 0-0: Called Strike
0-1: Fly out, F9 (Flyball, 9LS, EV 93.8 MPH)
Batting: RHB John Ramirez 0-0: Swinging Strike
0-1: Ball
1-1: Swinging Strike
1-2: Ball
2-2: Foul Ball, location: 9LSF
2-2: Strikes out swinging
Batting: LHB Phil Campbell 0-0: Fly out, F8 (Flyball, 8LD, EV 111.9 MPH)
Bottom of the 1st over - 0 runs, 0 hits, 0 errors, 0 left on base; Quad Cities 0 - Clinton 0
TOP OF THE 2ND
Quad Cities River Bandits batting - Pitching for Clinton LumberKings : RHP Salvador Moya
Batting: RHB Cody Shuman 0-0: Ball
1-0: Foul Ball, location: 2F
1-1: Ball
2-1: Hit by Pitch
Batting: RHB Chad Erickson 0-0: Called Strike
0-1: Ball
1-1: Foul Ball, location: 9LSF
1-2: Ball
2-2: Foul Ball, location: 5FF
2-2: Strikes out looking
Batting: RHB Adam Reid 0-0: Grounds into double play, 1-4-3 (Groundball, P, EV 67.5 MPH)
Top of the 2nd over - 0 runs, 0 hits, 0 errors, 0 left on base; Quad Cities 0 - Clinton 0
BOTTOM OF THE 2ND
Clinton LumberKings batting - Pitching for Quad Cities River Bandits : RHP Avery Norris
Batting: RHB Justin Coppola 0-0: Called Strike
0-1: Called Strike
0-2: Ball
1-2: Strikes out swinging, 2-3 out at first.
Batting: RHB Fernando Matos 0-0: Ball
1-0: Ball
2-0: Called Strike
2-1: Foul Ball, location: 2F
2-2: SINGLE (Groundball, 6MD, EV 105.0 MPH)
Batting: LHB Chris Cervantes 0-0: Called Strike
0-1: Ball
1-1: Ball
2-1: Called Strike
2-2: SINGLE (Line Drive, 9S, EV 107.5 MPH)
Fernando Matos to second
Batting: LHB Nate Sheehy 0-0: Foul Ball, location: 25F
0-1: Swinging Strike
0-2: Strikes out looking
Batting: SHB Braeden Wilson 0-0: Fly out, F8 (Flyball, 89M, EV 87.5 MPH)
Bottom of the 2nd over - 0 runs, 2 hits, 0 errors, 2 left on base; Quad Cities 0 - Clinton 0
TOP OF THE 3RD
Quad Cities River Bandits batting - Pitching for Clinton LumberKings : RHP Salvador Moya
Batting: RHB Travis Goodman 0-0: Called Strike
0-1: Ground out 3-1 (Groundball, 34, EV 101.3 MPH)
Batting: RHB Paolo Couvreur 0-0: Fly out, F8 (Line Drive, 8RM, EV 96.3 MPH)
Batting: RHB Ted Chapin 0-0: Ball
1-0: Ball
2-0: Called Strike
2-1: Swinging Strike
2-2: Ball
3-2: Strikes out swinging
Top of the 3rd over - 0 runs, 0 hits, 0 errors, 0 left on base; Quad Cities 0 - Clinton 0
BOTTOM OF THE 3RD
Clinton LumberKings batting - Pitching for Quad Cities River Bandits : RHP Avery Norris
Batting: RHB Sean Flora 0-0: Ball
1-0: Swinging Strike
1-1: Ball
2-1: Foul Ball, location: 3F
2-2: Strikes out looking
Batting: LHB Carlos Rivera 0-0: Called Strike
0-1: Ground out 1-3 (Groundball, 15S, EV 76.9 MPH)
Batting: RHB John Ramirez 0-0: Called Strike
0-1: Ball
1-1: Foul Ball, location: 9LDF
1-2: Ball
2-2: Ball
3-2: TRIPLE (Line Drive, 9D, EV 105.0 MPH)
Batting: LHB Phil Campbell 0-0: Ball
1-0: Fly out, F8 (Flyball, 8RD, EV 106.9 MPH)
Bottom of the 3rd over - 0 runs, 1 hit, 0 errors, 1 left on base; Quad Cities 0 - Clinton 0
TOP OF THE 4TH
Quad Cities River Bandits batting - Pitching for Clinton LumberKings : RHP Salvador Moya
Batting: RHB Danny Malave 0-0: Called Strike
0-1: Fly out, F9 (Flyball, 89M, EV 83.1 MPH)
Batting: RHB Alex Romero 0-0: Foul Ball, location: 2F
0-1: Ball
1-1: SINGLE (Line Drive, 8RS, EV 103.1 MPH)
Batting: RHB Matt Widman 0-0: Ball
1-0: Fly out, F8 (Flyball, 8LM, EV 95.6 MPH)
Batting: RHB Cody Shuman 0-0: Ball
1-0: Ball
2-0: Called Strike
2-1: Swinging Strike
2-2: Ball
3-2: Strikes out swinging
Top of the 4th over - 0 runs, 1 hit, 0 errors, 1 left on base; Quad Cities 0 - Clinton 0
BOTTOM OF THE 4TH
Clinton LumberKings batting - Pitching for Quad Cities River Bandits : RHP Avery Norris
Batting: RHB Justin Coppola 0-0: Ball
1-0: Ball
2-0: Called Strike
2-1: Ground out 6-3 (Groundball, 56, EV 98.1 MPH)
Batting: RHB Fernando Matos 0-0: Fly out, F8 (Flyball, 8LD, EV 101.3 MPH)
Batting: LHB Chris Cervantes 0-0: Ball
1-0: Foul Ball, location: 7LDF
1-1: Ball
2-1: Ball
3-1: Fly out, F8 (Flyball, 8LD, EV 96.9 MPH)
Bottom of the 4th over - 0 runs, 0 hits, 0 errors, 0 left on base; Quad Cities 0 - Clinton 0
TOP OF THE 5TH
Quad Cities River Bandits batting - Pitching for Clinton LumberKings : RHP Salvador Moya
Batting: RHB Chad Erickson 0-0: Foul Ball, location: 3DF
0-1: Ball
1-1: Ground out 5-3 (Groundball, 5L, EV 99.4 MPH)
Batting: RHB Adam Reid 0-0: Foul Ball, location: 2F
0-1: Called Strike
0-2: Fly out, F9 (Flyball, 89S, EV 88.1 MPH)
Batting: RHB Travis Goodman 0-0: Ball
1-0: Called Strike
1-1: Foul Ball, location: 9LSF
1-2: Ball
2-2: Ground out 6-3 (Groundball, 6M, EV 82.5 MPH)
Top of the 5th over - 0 runs, 0 hits, 0 errors, 0 left on base; Quad Cities 0 - Clinton 0
BOTTOM OF THE 5TH
Clinton LumberKings batting - Pitching for Quad Cities River Bandits : RHP Avery Norris
Batting: LHB Nate Sheehy 0-0: Ball
1-0: Ball
2-0: Ground out 5-3 (Groundball, 5, EV 83.1 MPH)
Batting: SHB Braeden Wilson 0-0: SINGLE (Groundball, 56S, EV 85.0 MPH)
Batting: RHB Sean Flora 0-0: Ball
1-0: Foul Ball, location: 9LSF
1-1: Called Strike
Pickoff Throw by Catcher to First - Out!
1-2: Strikes out looking
Bottom of the 5th over - 0 runs, 1 hit, 0 errors, 0 left on base; Quad Cities 0 - Clinton 0
TOP OF THE 6TH
Quad Cities River Bandits batting - Pitching for Clinton LumberKings : RHP Salvador Moya
Batting: RHB Paolo Couvreur 0-0: Ball
1-0: Foul Ball, location: 2F
1-1: Foul Ball, location: 5FF
1-2: Foul Ball, location: 9LSF
1-2: Fly out, F2 (Popup, 23F, EV 80.0 MPH)
Batting: RHB Ted Chapin 0-0: Ball
1-0: Swinging Strike
1-1: Foul Ball, location: 2F
1-2: Foul Ball, location: 5SF
1-2: Ball
2-2: SINGLE (Groundball, 4MD, EV 100.6 MPH)
Batting: RHB Danny Malave 0-0: Ball
1-0: Called Strike
1-1: Ball
2-1: Ball
3-1: Foul Ball, location: 25FF
3-2: Base on Balls
Ted Chapin to second
Batting: RHB Alex Romero 0-0: Foul Ball, location: 5F
0-1: SINGLE (Line Drive, 34D, EV 100.0 MPH)
Ted Chapin to third
Danny Malave to second
Batting: RHB Matt Widman 0-0: Called Strike
0-1: Foul Ball, location: 2F
0-2: Ball
1-2: Ball
2-2: Foul Ball, location: 25F
2-2: Foul Ball, location: 9LMF
2-2: Ball
3-2: Foul Ball, location: 9LSF
3-2: Grounds into fielders choice 4-2 (Groundball, 13, EV 85.6 MPH)
Danny Malave to third
Alex Romero to second
Batting: RHB Cody Shuman 0-0: Called Strike
0-1: Fly out, F8 (Flyball, 8LD, EV 111.9 MPH)
Top of the 6th over - 0 runs, 2 hits, 0 errors, 3 left on base; Quad Cities 0 - Clinton 0
BOTTOM OF THE 6TH
Clinton LumberKings batting - Pitching for Quad Cities River Bandits : RHP Avery Norris
Batting: LHB Carlos Rivera 0-0: Ball
1-0: Ball
2-0: Foul Ball, location: 2F
2-1: Ball
3-1: SINGLE (Line Drive, 8RS, EV 91.9 MPH)
Batting: RHB John Ramirez 0-0: Called Strike
0-1: Ball
1-1: Swinging Strike
1-2: Foul Ball, location: 2F
1-2: Foul Ball, location: 2F
1-2: Strikes out looking
Batting: LHB Phil Campbell 0-0: Ball
1-0: Ball
2-0: Ball
3-0: Called Strike
3-1: Foul Ball, location: 2F
3-2: Base on Balls
Carlos Rivera to second
Batting: RHB Justin Coppola 0-0: Ball
1-0: Ball
2-0: Called Strike
2-1: Called Strike
2-2: Strikes out swinging
Batting: RHB Fernando Matos 0-0: Called Strike
0-1: Ball
1-1: Swinging Strike
1-2: Fly out, F3 (Popup, 23F, EV 89.4 MPH)
Bottom of the 6th over - 0 runs, 1 hit, 0 errors, 2 left on base; Quad Cities 0 - Clinton 0
TOP OF THE 7TH
Quad Cities River Bandits batting - Pitching for Clinton LumberKings : RHP Salvador Moya
Batting: RHB Chad Erickson 0-0: Foul Ball, location: 25F
0-1: Ball
1-1: Foul Ball, location: 2F
1-2: Fly out, F7 (Flyball, 7D, EV 85.6 MPH)
Pitching: RHP Shane Mattila
Batting: RHB Adam Reid 0-0: Foul Ball, location: 9LMFF
0-1: Ball
1-1: Ball
2-1: Ball
3-1: Base on Balls
Batting: RHB Travis Goodman 0-0: Foul Ball, location: 9LSF
0-1: Ball
1-1: Called Strike
1-2: Foul Ball, location: 2F
1-2: Ball
2-2: Ball
3-2: Base on Balls
Adam Reid to second
Batting: RHB Paolo Couvreur 0-0: Foul Ball, location: 9LDF
0-1: Called Strike
0-2: Ball
1-2: Reached via error on a dropped throw from 3B, E3 (Groundball, 5, EV 110.0 MPH)
Adam Reid to third
Travis Goodman to second
Batting: RHB Ted Chapin 0-0: Swinging Strike
0-1: Ball
1-1: Ball
2-1: Ball
3-1: Grounds into fielders choice 6-2 (Groundball, 6, EV 83.1 MPH)
Travis Goodman to third
Paolo Couvreur to second
Batting: RHB Danny Malave 0-0: Called Strike
0-1: Ball
1-1: Fly out, F8 (Flyball, 8LXD, EV 92.5 MPH)
Top of the 7th over - 0 runs, 0 hits, 1 error, 3 left on base; Quad Cities 0 - Clinton 0
BOTTOM OF THE 7TH
Clinton LumberKings batting - Pitching for Quad Cities River Bandits : RHP Avery Norris
Batting: LHB Chris Cervantes 0-0: Called Strike
0-1: Foul Ball, location: 2F
0-2: Foul Ball, location: 25F
0-2: Strikes out looking
Batting: LHB Nate Sheehy 0-0: DOUBLE (Line Drive, 78D, EV 103.1 MPH)
Batting: SHB Braeden Wilson 0-0: Intentional Walk
Batting: RHB Sean Flora 0-0: Ball
1-0: Called Strike
1-1: Ball
2-1: Foul Ball, location: 9LDF
2-2: SINGLE (Groundball, 4, EV 81.3 MPH)
Nate Sheehy to third
Braeden Wilson to second
Pitching: RHP Isaiah Hollis
Batting: LHB Carlos Rivera 0-0: Ball
1-0: Ball
2-0: Ball
3-0: Base on Balls
Nate Sheehy scores
Braeden Wilson to third
Sean Flora to second
Batting: RHB John Ramirez 0-0: Fly out, F9 (Line Drive, 89M, EV 96.9 MPH)
Lined into DP, 9-6 (Line Drive, 89M, EV 96.9 MPH)
Bottom of the 7th over - 1 run, 2 hits, 0 errors, 2 left on base; Quad Cities 0 - Clinton 1
TOP OF THE 8TH
Quad Cities River Bandits batting - Pitching for Clinton LumberKings : RHP Shane Mattila
Pitching: RHP Nate Sharp
Now at 1B: Nate Taylor
Now at 2B: Willie Barrela
Now at SS: Fernando Matos
Batting: RHB Alex Romero 0-0: Ball
1-0: Ball
2-0: Called Strike
2-1: Ball
3-1: Called Strike
3-2: Fly out, F9 (Flyball, 9LD, EV 103.1 MPH)
Batting: RHB Matt Widman 0-0: Ball
1-0: Ball
2-0: Ball
3-0: Called Strike
3-1: Swinging Strike
3-2: Strikes out looking
Batting: RHB Cody Shuman 0-0: Called Strike
0-1: Called Strike
0-2: Ball
1-2: Ball
2-2: Strikes out swinging
Top of the 8th over - 0 runs, 0 hits, 0 errors, 0 left on base; Quad Cities 0 - Clinton 1
BOTTOM OF THE 8TH
Clinton LumberKings batting - Pitching for Quad Cities River Bandits : RHP Isaiah Hollis
Batting: RHB Nate Taylor 0-0: Ball
1-0: Swinging Strike
1-1: Foul Ball, location: 9LDF
1-2: Ball
2-2: Foul Ball, location: 25FF
2-2: Ground out 6-3 (Groundball, 6, EV 103.8 MPH)
Batting: RHB Justin Coppola 0-0: Ball
1-0: Foul Ball, location: 2LF
1-1: Foul Ball, location: 2F
1-2: Foul Ball, location: 25F
1-2: Strikes out looking
Batting: RHB Fernando Matos 0-0: Called Strike
0-1: Ball
1-1: Foul Ball, location: 2F
1-2: Ball
2-2: Strikes out looking
Bottom of the 8th over - 0 runs, 0 hits, 0 errors, 0 left on base; Quad Cities 0 - Clinton 1
TOP OF THE 9TH
Quad Cities River Bandits batting - Pitching for Clinton LumberKings : RHP Nate Sharp
Batting: RHB Chad Erickson 0-0: Ball
1-0: Ball
2-0: Foul Ball, location: 2F
2-1: Foul Ball, location: 2F
2-2: Strikes out looking
Pinch Hitting: LHB Sam Latsch 0-0: Ball
1-0: Swinging Strike
1-1: Called Strike
1-2: Ball
2-2: Foul Ball, location: 3F
2-2: Ground out 4-3 (Groundball, 4, EV 83.8 MPH)
Batting: RHB Travis Goodman 0-0: Ball
1-0: Swinging Strike
1-1: Foul Ball, location: 2F
1-2: Strikes out swinging
Top of the 9th over - 0 runs, 0 hits, 0 errors, 0 left on base; Quad Cities 0 - Clinton 1
Sunday, April 14th , 2024 - OOTP Baseball 24.11 Build 85